 Dungeon Crawl Stone Soup version 0.28-a0-938-gbc3f381ebc (webtiles) character file.

Game seed: 11991316102165689414

411 dolemite99 the Skirmisher (level 6, -8/56 HPs)
             Began as a Minotaur Chaos Knight on Nov 29, 2021.
             Was a Plaything of Xom.
             Mangled by Duvessa (11 damage)
             ... on level 4 of the Dungeon.
             The game lasted 00:03:46 (2654 turns).

dolemite99 the Skirmisher (Minotaur Chaos Knight)   Turns: 2654, Time: 00:03:46

Health: -8/56      AC:  9    Str: 19    XL:     6   Next: 58%
Magic:  5/5        EV:  7    Int:  9    God:    Xom [...*..]
Gold:   144        SH:  0    Dex:  9    Spells: 5/5 levels left

rFire   . . .      SeeInvis .   b - +0 hand axe (chaos)
rCold   . . .      Faith    .   (no shield)
rNeg    . . .      Spirit   .   f - +0 chain mail
rPois   .          Reflect  .   (helmet restricted)
rElec   .          Harm     .   (no cloak)
rCorr   .          Rampage  .   (no gloves)
Will    .....                   (no boots)
Stlth   ..........              v - amulet of the acrobat
HPRegen 0.18/turn               (no ring)
MPRegen 0.09/turn               (no ring)

@: no status effects
A: horns 2, retaliatory headbutt
a: Renounce Religion


You were on level 4 of the Dungeon.
You worshipped Xom.
You were a favourite toy of Xom.
You visited 1 branch of the dungeon, and saw 4 of its levels.

You collected 144 gold pieces.

Inventory:

Hand Weapons
 a - a +3 hunting sling
 b - a +0 hand axe of chaos (weapon)
 h - a +0 hunting sling
 n - a +3 hunting sling
Missiles
 i - 67 stones (quivered)
 r - 5 boomerangs of dispersal
Armour
 f - a +0 chain mail (worn)
 j - a +2 leather armour
Jewellery
 u - a ring of magical power
 v - an amulet of the acrobat (around neck)
Scrolls
 d - a scroll of noise
 e - a scroll of vulnerability {unknown}
 m - a scroll of brand weapon {unknown}
 o - a scroll of immolation {unknown}
 s - a scroll of acquirement {unknown}
 w - a scroll of fog {unknown}
Potions
 g - a potion of invisibility
 k - a potion of lignification {unknown}
 l - a potion of brilliance
 p - 2 potions of curing
 q - 3 potions of flight
 t - a potion of haste


   Skills:
 + Level 5.4 Fighting
 - Level 5.1 Axes
 * Level 3.9 Slings
 + Level 4.3 Armour
 - Level 1.7 Dodging


You had 5 spell levels left.
You didn't know any spells.
Your spell library contained the following spells:

 Spells                   Type           Power      Damage    Failure   Level
 Freeze                   Ice            0%         1d3       99%         1
 Ensorcelled Hibernation  Hex/Ice        0%         N/A       100%        2
 Frozen Ramparts          Ice            0%         1d2       100%        3
 Spider Form              Tmut/Pois      0%         N/A       100%        3
 Hailstorm                Conj/Ice       0%         3d3       100%        4


Dungeon Overview and Level Annotations

Branches:
Dungeon (4/15)
 Temple: D:4-7

Altars:

Annotations:
D:4 Duvessa


Innate Abilities, Weirdness & Mutations

You have a pair of horns on your head.
You reflexively headbutt those who attack you in melee.


Message History

Dowan is moderately wounded.
You hit Duvessa but do no damage. Duvessa hits you but does no damage.
Dowan hits you but does no damage.
You slash Duvessa! You burn Duvessa.
Duvessa is severely wounded.
You hit Dowan but do no damage. Duvessa hits you but does no damage.
Dowan hits you but does no damage.
You barely miss Duvessa. Your headbutt misses Duvessa.
Duvessa is severely wounded.
You hit Dowan. You burn Dowan. Duvessa says, "Did you see that move?
Perfect!"
Duvessa hits you but does no damage.
Dowan points at Duvessa and mumbles some strange words.
Duvessa seems to speed up.
You barely miss Duvessa.
Duvessa is severely wounded.
You hit Dowan. Lightning courses through Dowan!
You kill Dowan!
Duvessa weeps, then rights herself and shakes her weapon.
Duvessa goes berserk!
Duvessa hits you with a +0 short sword.
You completely miss Duvessa. Your headbutt misses Duvessa.
Duvessa is severely wounded.
Duvessa hits you but does no damage. Duvessa hits you with a +0 short sword!
You hit Duvessa.
Duvessa suddenly seems more agile.
Xom is highly amused!
Duvessa is almost dead.
Duvessa hits you with a +0 short sword.
You miss Duvessa.
Duvessa is almost dead.
Duvessa completely misses you. Duvessa hits you with a +0 short sword.
You barely miss Duvessa. Your headbutt misses Duvessa.
Duvessa is almost dead.
Duvessa hits you with a +0 short sword!
You closely miss Duvessa.
Duvessa is almost dead.
Duvessa hits you with a +0 short sword!
* * * LOW HITPOINT WARNING * * *
Duvessa hits you with a +0 short sword!
You die...
Xom chortles!

## #.## #<>#
#..# ##.###.@#
# .
#.....e)#.#...#
........(((.(#
#.####..####.#
# #..# #..#
#..# #..# #..#


You could see Duvessa (berserk, fast, agile).

Vanquished Creatures
  Sigmund (D:3)
  Dowan (D:4)
  A bullfrog zombie (D:3)
  A hound (D:4)
  Jessica (D:2)
  Robin (D:2)
  4 adders
  A worm (D:3)
  2 dart slugs
  5 endoplasms
  5 giant cockroaches (D:1)
  12 goblins
  5 hobgoblins
  4 jackals (D:1)
  A quokka (D:3)
  3 ball pythons
  6 bats
  2 frilled lizards (D:2)
  4 kobolds
  12 rats
72 creatures vanquished.

Notes
Turn   | Place    | Note
-------+----------+-------------------------------------------
     0 | D:1      | dolemite99 the Minotaur Chaos Knight began the quest for
                  | the Orb.
     0 | D:1      | Reached XP level 1. HP: 19/19 MP: 0/0
   139 | D:1      | Reached XP level 2. HP: 20/27 MP: 1/1
   302 | D:1      | XOM: silly message
   415 | D:1      | XOM: smoke on damage
   580 | D:1      | XOM: smoke on damage
   617 | D:1      | Reached XP level 3. HP: 33/33 MP: 2/2
   704 | D:1      | XOM: silly message
   826 | D:2      | Noticed Robin
   834 | D:2      | XOM: confuse monster(s)
  1211 | D:2      | XOM: divination: magic mapping
  1218 | D:2      | Killed Robin
  1219 | D:2      | Reached skill level 5 in Axes
  1219 | D:2      | Reached XP level 4. HP: 37/40 MP: 3/3
  1544 | D:2      | Noticed Jessica
  1549 | D:2      | Killed Jessica
  1550 | D:2      | Reached skill level 1 in Slings
  1842 | D:3      | Noticed Sigmund
  1852 | D:3      | XOM: enchant monster (good)
  1855 | D:3      | XOM: noise
  1869 | D:3      | Killed Sigmund
  1870 | D:3      | Reached skill level 5 in Fighting
  1870 | D:3      | Reached XP level 5. HP: 29/48 MP: 4/4
  1870 | D:3      | Reached XP level 6. HP: 34/56 MP: 5/5
  1942 | D:3      | XOM: god gift: 33 gold pieces
  2205 | D:3      | XOM: 2-stop teleportation journey
  2407 | D:3      | XOM: smoke on damage
  2633 | D:4      | Noticed Duvessa
  2643 | D:4      | Noticed Dowan
  2649 | D:4      | Killed Dowan
  2654 | D:4      | Mangled by Duvessa

Illustrated notes

Levels and vault maps discovered:
D:1:      co_arrival_random_square_maze, layout_rooms, minmay_heptomino_d4
D:2:      layout_rooms, uniq_robin, uniq_jessica
D:3:      layout_basic, minmay_misc_feat_roman, minmay_misc_feat_four_crosses,
          st_stairs_10, minmay_starry_boxes, uniq_sigmund
D:4:      layout_loops_ring, kennysheep_orc_sif_temple, temple_statues,
          minmay_misc_feat_cross, kennysheep_windowed_goal, uniq_duvessa

Skill      XL: |  1  2  3  4  5  6 |
---------------+-------------------+-----
Axes           | 4 5 |  5.1
Fighting       | 4 5 |  5.4
Armour         | 3 4 |  4.3
Slings         | 3 |  3.9
Dodging        | |  1.7

Action                   |  1- 3 |  4- 6 || total
-------------------------+-------+-------++-------
Melee: Hand axe          |    67 |    51 ||   118
       Headbutt          |     9 |     9 ||    18
 Fire: Hunting sling     |       |    67 ||    67
  Use: Scroll            |       |     6 ||     6
 Stab: Petrified         |       |     6 ||     6
       Petrifying        |       |     1 ||     1
Armor: Leather armour    |     9 |       ||     9
       Chain mail        |    30 |    24 ||    54
Dodge: Dodged            |    40 |    19 ||    59

Table legend: (Time is in decaauts)
 A = Elapsed time spent in this place.
 B = Non-inter-level travel time spent in this place.
 C = Inter-level travel time spent in this place.
 D = Time resting spent in this place.
 E = Time spent auto-exploring this place.
 F = Levels seen in this place.
 G = Mean time per level.
                   A        B        C        D        E       F      G
               +--------+--------+--------+--------+--------+-----+--------+
         Total |   2665 |   2635 |     30 |    494 |   1585 |   4 |  666.2 |
       Dungeon |   2665 |   2635 |     30 |    494 |   1585 |   4 |  666.2 |
               +--------+--------+--------+--------+--------+-----+--------+

Top non-repeatable levels by time:
     D:1: 1083 daAuts
     D:3: 889 daAuts
     D:2: 665 daAuts
     D:4: 26 daAuts
